 Dungeon Crawl Stone Soup version 0.29.0-13-gc9e81de378 (webtiles) character file.

Game seed: 2490305881096939740

5 inqbanana the Trooper (level 1, -2/18 HPs)
             Began as a Demonspawn Cinder Acolyte on Sept 7, 2022.
             Was a High Priest of Ignis.
             Slain by a goblin
             ... wielding a +0 club
              (4 damage)
             ... on level 1 of the Dungeon.
             The game lasted 00:01:34 (227 turns).

inqbanana the Trooper (Demonspawn Cinder Acolyte)    Turns: 227, Time: 00:01:34

Health: -2/18      AC:  2    Str: 14    XL:     1   Next: 66%
Magic:  2/2        EV: 11    Int: 15    God:    Ignis [*****.]
Gold:   18         SH:  0    Dex:  8    Spells: 2/2 levels left

rFire   + . .      SeeInvis .   a - -1 falchion (flame)
rCold   . . .      Faith    .   (no shield)
rNeg    . . .      Spirit   .   b - +0 robe
rPois   .          Reflect  .   (no helmet)
rElec   .          Harm     .   (no cloak)
rCorr   .          Rampage  .   (no gloves)
Will    .....                   (no boots)
Stlth   +.........              (no amulet)
HPRegen 0.06/turn               (no ring)
MPRegen 0.08/turn               (no ring)

@: no status effects
A: no striking features
a: Renounce Religion, Fiery Armour, Foxfire Swarm, Rising Flame


You were on level 1 of the Dungeon.
You worshipped Ignis.
Ignis was extremely pleased with you.
You visited 1 branch of the dungeon, and saw 1 of its levels.

You collected 18 gold pieces.

Inventory:

Hand Weapons
 a - a -1 falchion of flaming (weapon)
Armour
 b - a +0 robe (worn)
Scrolls
 c - a scroll of vulnerability {unknown}
 d - 3 scrolls of identify {unknown}


   Skills:
 + Level 3.1 Fighting
 * Level 2.8 Long Blades
 + Level 1.0 Spellcasting
 + Level 2.8 Fire Magic


You had 2 spell levels left.
You didn't know any spells.
Your spell library contained the following spells:

 Spells                   Type           Power      Damage    Failure   Level
 Scorch                   Fire           18%        2d6       12%         2


Dungeon Overview and Level Annotations

Branches:
Dungeon (1/15)

Altars:


Message History

The ball python bites you but does no damage.
The ball python constricts you.
* * * LOW HITPOINT WARNING * * *
You hit the ball python. You burn the ball python.
You kill the ball python!
The bat hits you but does no damage. x2
You hit the bat. You burn the bat.
The bat is heavily wounded.
The bat barely misses you. x2
You hit the bat but do no damage.
The bat is heavily wounded.
The bat closely misses you.
You closely miss the bat.
The bat is heavily wounded.
The bat hits you.
* * * LOW HITPOINT WARNING * * *
You miss the bat.
The bat is heavily wounded.
The bat hits you but does no damage.
You hit the bat. You burn the bat.
You kill the bat!
d - 3 scrolls labelled CEGANUELENN
Found a dagger.
A goblin comes into view. It is wielding a +0 club.
You see here 6 gold pieces.
You now have 18 gold pieces (gained 6).
You start resting.
A goblin is nearby!
You barely miss the goblin. The goblin closely misses you.
The goblin hits you with a +0 club.
* * * LOW HITPOINT WARNING * * *
You barely miss the goblin. The goblin closely misses you.
You hit the goblin. You burn the goblin.
The goblin is heavily wounded.
The goblin hits you with a +0 club.
* * * LOW HITPOINT WARNING * * *
You barely miss the goblin.
The goblin is heavily wounded.
The goblin hits you with a +0 club.
You die...

###.. )...... ..##.#
........
#..#..###........
##..#............
..............[....
..................
.................#
..........##.###..
..........#@..#
.>........g.#......
#.....#.#...#####
..#..... ..#.....##.##
#.##..... ###..†...#.#
#.#...... #......#.#.#
#.#..#..#
......##†..#†#
#.##....#
...####...##.##
##.##....# ..
#...#...#####...#....#


You could see a goblin.

Vanquished Creatures
  2 giant cockroaches (D:1)
  A ball python (D:1)
  2 bats (D:1)
5 creatures vanquished.

Notes
Turn   | Place    | Note
-------+----------+-------------------------------------------
     0 | D:1      | inqbanana the Demonspawn Cinder Acolyte began the quest for
                  | the Orb.
     0 | D:1      | Reached XP level 1. HP: 18/18 MP: 2/2
   227 | D:1      | Slain by a goblin

Illustrated notes

Levels and vault maps discovered:
D:1:      dpeg_arrival_chambers_temple_mockup, layout_rooms,
          shapermc_ecumenical_altar_venn, minmay_misc_feat_tower,
          minmay_misc_feat_encased

Action                   || total
-------------------------++-------
Melee: Falchion          ||    28
Armor: Robe              ||    22
Dodge: Dodged            ||    29
